 Dungeon Sprint DCSS version 0.29-a0-304-gb34f9e133a (webtiles) character file.

Game seed: 14478438463304761792

6151 Conn the Thaumaturge (level 10, -1/63 HPs)
             Began as an Octopode Fire Elementalist on Mar 26, 2022.
             Was the Champion of Sif Muna.
             Slain by Urug
             ... wielding a +1 vorpal scimitar
              (33 damage)
             ... in the Dungeon (Sprint VII: "The Pits").
             The game lasted 00:20:41 (2559 turns).

Conn the Thaumaturge (Octopode Fire Elementalist)   Turns: 2559, Time: 00:20:42

Health: -1/63      AC:  1    Str: 11    XL:     10   Next: 90%
Magic:  14/27      EV: 16    Int: 21    God:    Sif Muna [******]
Gold:   0          SH:  0    Dex: 16    Spells: 7/35 levels left

rFire   . . .      SeeInvis .   r - +2 rapier (distort)
rCold   . . .      Faith    .   (no shield)
rNeg    . . .      Spirit   .   (helmet restricted)
rPois   .          Reflect  .   (no amulet)
rElec   .          Harm     .   m - +3 ring of strength
rCorr   .          Rampage  .   n - +3 ring of dexterity
Will    .....      NoTele   +   (no ring)
Stlth   +++++.....              (no ring)
HPRegen 0.20/turn               (no ring)
MPRegen 0.20/turn               (no ring)
                                (no ring)
                                (no ring)

@: no status effects
A: almost no armour, amphibious, 8 rings, camouflage 1, gelatinous body 1,
(nimble swimmer 1), tentacles
a: Renounce Religion, Channel Magic, Forget Spell, Divine Exegesis


You were in the Dungeon.
You worshipped Sif Muna.
Sif Muna was exalted by your worship.
You visited 1 branch

Inventory:

Hand Weapons
 c - a +0 dagger of electrocution
 g - a +2 dagger
 k - a +2 mace of protection
 r - a +2 rapier of distortion (weapon)
Missiles
 f - a curare-tipped dart (quivered)
Jewellery
 m - a +3 ring of strength (left tentacle)
 n - a +3 ring of dexterity (right tentacle)
Scrolls
 i - 5 scrolls of amnesia
Potions
 a - 5 potions of magic
 b - 7 potions of curing
 d - a potion of haste
 e - a potion of berserk rage
 h - 2 potions of invisibility
 l - 8 potions of heal wounds
 o - a potion of might
 p - a potion of brilliance
 q - a potion of mutation


   Skills:
 + Level 3.6 Fighting
 + Level 2.1 Short Blades
 + Level 4.1 Maces & Flails
 + Level 6.9 Dodging
 + Level 7.4 Stealth
 * Level 13.3 Spellcasting
 * Level 8.0 Conjurations
 + Level 4.3 Hexes
 - Level 7.3 Summonings
 + Level 12.9 Fire Magic
 * Level 1.5 Ice Magic
 * Level 8.3 Invocations


You had 7 spell levels left.
You knew the following spells:

 Your Spells              Type           Power      Damage    Failure   Level
a - Foxfire               Conj/Fire      100%       2x1d9     1%          1
b - Conjure Flame         Conj/Fire      55%        6-21      1%          3
c - Inner Flame           Hex/Fire       50%        N/A       1%          3
d - Flame Wave            Conj/Fire      55%        2d11      1%          4
e - Scorch                Fire           100%       2d10      1%          2
f - Summon Guardian Gole  Hex/Summ       38%        N/A       1%          3
g - Ignite Poison         Fire/Tmut/Pois 32%        N/A       2%          3
h - Hailstorm             Conj/Ice       34%        3d9       6%          4
i - Slow                  Hex            100%       N/A       1%          1
j - Fulminant Prism       Conj/Hex       19%        3d11      3%          4

Your spell library contained the following spells:

 Spells                   Type           Power      Damage    Failure   Level
 Magic Dart               Conj           100%       1d8       1%          1
 Searing Ray              Conj           94%        2d7       1%          2
 Dazzling Flash           Conj/Hex       78%        N/A       1%          3
 Confusing Touch          Hex            32%        N/A       2%          3
 Beastly Appendage        Tmut           28%        N/A       4%          1
 Sting                    Tmut/Pois      56%        1d5       4%          1
 Portal Projectile        Hex/Tloc       46%        N/A       5%          3
 Anguish                  Hex/Necr       11%        N/A       19%         4
 Ice Form                 Ice/Tmut       17%        N/A       32%         4
 Yara's Violent Unravell  Hex/Tmut       11%        3d6       45%         5
 Borgnjor's Vile Clutch   Necr/Erth      7%         N/A       77%         5
 Discord                  Hex            16%        N/A       100%        8


Dungeon Overview and Level Annotations

Branches:
Dungeon (1/1)

Altars:
Ashenzari
Cheibriados
Dithmenos
Elyvilon
Fedhas
Gozag
Hepliaklqana
Kikubaaqudgha
Makhleb
Nemelex Xobeh
Okawaru
Qazlal
Ru
Sif Muna
Trog
Uskayaw
Vehumet
Wu Jian
Xom
Yredelemnul
Zin
The Shining One
Beogh
Jiyva
Lugonu

Annotations:
D Urug


Innate Abilities, Weirdness & Mutations

You cannot wear most types of armour.
You are amphibious.
You can wear up to eight rings at the same time.
Your skin changes colour to match your surroundings (Stealth+).
Your rubbery body absorbs attacks. (AC +1, EV +1)
((You are camouflaged when in or above water. (Stealth+)))
You have tentacles for arms and can constrict up to eight enemies at once.


Message History

You see here a +0 dagger.
You close the door.
Okay, then.
Okay, then.
Unknown command.
Unknown command.
Casting: Flame Wave (dangerous; 1% risk of failure)
Confirm with . or Enter, or press ? or * to list all spells.
You conjure some foxfire!
Unknown command.
Casting: Foxfire (safe; 1% risk of failure)
Confirm with . or Enter, or press ? or * to list all spells.
You conjure some foxfire!
Something unseen opens the door.
The orc throws a boomerang.
The boomerang barely misses you.
A scorpion comes into view.
Unknown command.
Casting: Foxfire (safe; 1% risk of failure)
Confirm with . or Enter, or press ? or * to list all spells.
Aiming: Inner Flame (safe; 1% risk of failure)
Press: ? - help, Dir - move target, f - orc
Aim: an orc, wielding a +0 short sword, wearing a +0 ring mail and quivering boomerangs (chance to affect: 98%)
The orc is filled with an inner flame.
The foxfire hits something! x2
Sif Muna accepts your kill.
Reactivating autopickup.
You feel a bit more experienced.
Your foxfire dissipates!
Casting: Inner Flame (safe; 1% risk of failure)
Confirm with . or Enter, or press ? or * to list all spells.
Aiming: Inner Flame (safe; 1% risk of failure)
Press: ? - help, Dir - move target, f - Urug, p - orc
Aim: Urug, wielding a +1 vorpal scimitar, wearing a +0 scale mail and quivering javelins (chance to affect: 84%)
Okay, then.
Casting: Inner Flame (safe; 1% risk of failure)
Confirm with . or Enter, or press ? or * to list all spells.
A guardian golem appears, shielding your allies.
Your foxfire dissipates!
Urug attacks as you move away!
Urug hits you with a +1 vorpal scimitar!!
Ouch! That really hurt!
You die...

...<...##..#### #K# ###
.......##.[#..#####.## ..#
.......##.)#....##...#...#
.......##.†'.....#...#...#.
#########..'.....'.s.'..{oo
#########..'.....#).o#...#.
..#..[[##..#....##.K.# .#
..#..[[##..#..#####o##
..'..).##..####.@o#)######
..#..))##..##...9.)).......
..#..))##..#..............#
###########################


You could see Urug and a friendly guardian golem (summoned).

Vanquished Creatures
  A catoblepas (D)
  A deep elf pyromancer (D)
  A phantasmal warrior (D)
  A deep elf zephyrmancer (D)
  Maurice (D)
  An eye of devastation (D)
  A gargoyle (D)
  A wandering mushroom (D)
  A wind drake (D)
  6 blink frogs (D)
  A redback (D)
  4 vampire mosquitoes (D)
  A water moccasin (D)
  A floating eye (D)
  A kobold brigand (D)
  A bullfrog (D)
  A scorpion (D)
  3 wights (D)
  4 killer bees (D)
  2 iguanas (D)
  3 orc wizards (D)
  A hell rat (D)
  2 adders (D)
  A worm (D)
  7 orcs (D)
  A bat zombie (D)
  An endoplasm (D)
  A goblin (D)
  2 jackals (D)
  2 kobolds (D)
  5 quokkas (D)
  A bat (D)
  A frilled lizard (D)
62 creatures vanquished.

Vanquished Creatures (others)
  A basilisk (D)
  A wight (D)
  A killer bee (D)
  129 foxfires (D)
132 creatures vanquished.

Grand Total: 194 creatures vanquished

Notes
Turn   | Place    | Note
-------+----------+-------------------------------------------
     0 | D        | Conn the Octopode Fire Elementalist began the quest for the
                  | Orb.
     0 | D        | Reached XP level 1. HP: 11/11 MP: 3/3
   229 | D        | Found a bloodstained altar of Trog.
   229 | D        | Found a shimmering blue altar of Sif Muna.
   229 | D        | Found a viscous altar of Jiyva.
   229 | D        | Found a hazy altar of Hepliaklqana.
   229 | D        | Found an opulent altar of Gozag.
   230 | D        | Found a glowing golden altar of the Shining One.
   230 | D        | Found a glowing silver altar of Zin.
   230 | D        | Found a basalt altar of Yredelemnul.
   230 | D        | Found a shimmering altar of Xom.
   230 | D        | Found an ornate altar of the Wu Jian Council.
   230 | D        | Found a sacrificial altar of Ru.
   230 | D        | Found a stormy altar of Qazlal.
   230 | D        | Found an iron altar of Okawaru.
   230 | D        | Found a sparkling altar of Nemelex Xobeh.
   230 | D        | Found a burning altar of Makhleb.
   230 | D        | Found a blossoming altar of Fedhas.
   230 | D        | Found a white marble altar of Elyvilon.
   230 | D        | Found a shadowy altar of Dithmenos.
   230 | D        | Found a snail-covered altar of Cheibriados.
   231 | D        | Found a radiant altar of Vehumet.
   231 | D        | Found a corrupted altar of Lugonu.
   232 | D        | Found an ancient bone altar of Kikubaaqudgha.
   232 | D        | Found a hide-covered altar of Uskayaw.
   232 | D        | Found a broken altar of Ashenzari.
   233 | D        | Became a worshipper of Sif Muna the Loreminder
   250 | D        | Noticed a floating eye
   252 | D        | Paralysed by a floating eye for 3 turns
   256 | D        | Killed a floating eye
   257 | D        | Reached skill level 5 in Stealth
   257 | D        | Reached skill level 3 in Spellcasting
   257 | D        | Reached XP level 2. HP: 11/17 MP: 0/6
   257 | D        | Reached XP level 3. HP: 14/21 MP: 0/8
   257 | D        | Reached XP level 4. HP: 18/27 MP: 0/9
   263 | D        | Learned a level 3 spell: Conjure Flame
   267 | D        | Learned a level 3 spell: Inner Flame
   270 | D        | Learned a level 2 spell: Scorch
   353 | D        | Reached * piety under Sif Muna
   359 | D        | Reached skill level 4 in Spellcasting
   368 | D        | Reached ** piety under Sif Muna
   378 | D        | Reached *** piety under Sif Muna
   383 | D        | Reached XP level 5. HP: 28/32 MP: 4/11
   464 | D        | Noticed a water moccasin
   488 | D        | Killed a water moccasin
   489 | D        | Reached skill level 1 in Fighting
   489 | D        | Reached skill level 1 in Maces & Flails
   489 | D        | Reached skill level 5 in Dodging
   489 | D        | Reached skill level 5 in Spellcasting
   489 | D        | Reached XP level 6. HP: 21/38 MP: 8/14
   493 | D        | Reached **** piety under Sif Muna
   662 | D        | Reached ***** piety under Sif Muna
   672 | D        | Learned a level 4 spell: Flame Wave
   676 | D        | Reached skill level 10 in Fire Magic
   795 | D        | Received a gift from Sif Muna
   799 | D        | Reached skill level 6 in Spellcasting
   806 | D        | Reached XP level 7. HP: 45/45 MP: 0/16
   809 | D        | Got Sif Muna's Handbook of Igneous Beguiling {god gift}
   816 | D        | Learned a level 3 spell: Summon Guardian Golem
   908 | D        | Noticed a deep elf zephyrmancer
   947 | D        | Killed a deep elf zephyrmancer
   948 | D        | Reached skill level 7 in Spellcasting
   948 | D        | Reached skill level 1 in Hexes
   948 | D        | Reached XP level 8. HP: 47/51 MP: 16/19
   973 | D        | Reached skill level 8 in Spellcasting
  1253 | D        | Learned a level 3 spell: Ignite Poison
  1282 | D        | Reached skill level 9 in Spellcasting
  1282 | D        | Reached skill level 5 in Conjurations
  1284 | D        | Received a gift from Sif Muna
  1285 | D        | Reached skill level 5 in Invocations
  1285 | D        | Reached XP level 9. HP: 21/56 MP: 2/22
  1288 | D        | Got Sif Muna's Compendium of the Frostbite and
                  | Transmutation {god gift}
  1299 | D        | Learned a level 4 spell: Hailstorm
  1491 | D        | Learned a level 1 spell: Slow
  1550 | D        | Noticed a gargoyle
  1558 | D        | Reached ****** piety under Sif Muna
  1559 | D        | Reached skill level 10 in Spellcasting
  1559 | D        | Reached skill level 5 in Summonings
  1564 | D        | Killed a gargoyle
  1599 | D        | Reached skill level 1 in Short Blades
  1663 | D        | Received a gift from Sif Muna
  1670 | D        | Learned a level 4 spell: Fulminant Prism
  1687 | D        | Noticed a phantasmal warrior
  1792 | D        | Reached skill level 11 in Spellcasting
  2036 | D        | Noticed Maurice
  2043 | D        | Killed Maurice
  2044 | D        | Reached XP level 10. HP: 61/63 MP: 13/25
  2099 | D        | Killed a phantasmal warrior
  2100 | D        | Reached skill level 12 in Spellcasting
  2186 | D        | Noticed a deep elf pyromancer
  2187 | D        | Noticed a catoblepas
  2195 | D        | Killed a deep elf pyromancer
  2273 | D        | Killed a catoblepas
  2273 | D        | Received a gift from Sif Muna
  2274 | D        | Got Sif Muna's Incunabulum of Stones and Bewitchment {god
                  | gift}
  2385 | D        | Noticed an eye of devastation
  2397 | D        | Reached skill level 13 in Spellcasting
  2401 | D        | Killed an eye of devastation
  2545 | D        | Noticed Urug
  2546 | D        | Received a gift from Sif Muna
  2547 | D        | Reached skill level 1 in Ice Magic
  2559 | D        | Slain by Urug

Illustrated notes

Levels and vault maps discovered:
D:        pitsprint [storerooms_1, entrance_room_1, metal_vault_1, armoury_1,
          mini_pit_1, grid_room_1, main_hall_1, silver_pit, the_coven_3,
          the_vestibule_1, steel_vault_3, golden_pit, hallway_of_sentries,
          crystal_vault_1, iron_vault_4, final_vault]

Skill      XL: |  1  2  3  4  5  6  7  8  9 10 |
---------------+-------------------------------+-----
Stealth        | 5 6 7 |  7.4
Dodging        | 3 4 5 6 |  6.9
Spellcasting   | 3 4 5 6 7 9 11 13 | 13.3
Fire Magic     | 7 9 10 11 12 | 12.9
Fighting       | 1 2 3 |  3.6
Maces & Flails | 1 2 3 4 |  4.1
Conjurations   | 2 4 5 6 8 |  8.0
Hexes          | 1 2 3 4 |  4.3
Summonings     | 3 4 6 7 |  7.3
Invocations    | 3 5 6 8 |  8.3
Short Blades   | 1 2 |  2.1
Ice Magic      | 1 |  1.5

Action                   |  1- 3 |  4- 6 |  7- 9 | 10-12 || total
-------------------------+-------+-------+-------+-------++-------
Melee: Constrict         |     2 |     8 |     2 |     1 ||    13
       Unarmed           |     2 |       |       |       ||     2
       Mace              |     1 |    23 |     5 |       ||    29
       Tentacles         |     1 |     6 |     2 |     2 ||    11
       Punch             |     1 |       |       |       ||     1
       Rapier            |       |       |     1 |    15 ||    16
 Cast: Foxfire           |     7 |    26 |    35 |     7 ||    75
       Inner Flame       |       |     2 |     8 |     7 ||    17
       Scorch            |       |     3 |    18 |     7 ||    28
       Conjure Flame     |       |     1 |     2 |     1 ||     4
       Summon Guardian G |       |       |     5 |     5 ||    10
       Hailstorm         |       |       |       |     3 ||     3
       Flame Wave        |       |       |       |     1 ||     1
  Use: Potion            |       |     1 |     4 |     2 ||     7
       Scroll            |       |       |     1 |     1 ||     2
Armor: Skin              |       |     8 |     2 |     3 ||    13
Dodge: Dodged            |     4 |    30 |    13 |     9 ||    56

Table legend: (Time is in decaauts)
 A = Elapsed time spent in this place.
 B = Non-inter-level travel time spent in this place.
 C = Inter-level travel time spent in this place.
 D = Time resting spent in this place.
 E = Time spent auto-exploring this place.
 F = Levels seen in this place.
 G = Mean time per level.
                   A        B        C        D        E       F      G
               +--------+--------+--------+--------+--------+-----+--------+
         Total |   2587 |   2587 |      0 |   1491 |    213 |   1 | 2587.0 |
       Dungeon |   2587 |   2587 |      0 |   1491 |    213 |   1 | 2587.0 |
               +--------+--------+--------+--------+--------+-----+--------+

Top non-repeatable levels by time:
       D: 2587 daAuts
